cohdb
Replays
Latest Replays
All Replays
Popular Replays
Top Player Replays
Match Explorer
How It Works
Community
CoH3 Stats
Reddit
Sign in to upload your games and track your stats! →
Sign in with Steam
Match 44612992
Unlisted
Match 44612992
Overview
Messages
Build Orders
End
Construct Infanterie Kompanie
Pioneer Squad
Selects Breakthrough Battlegroup
Selects Assault Grenadiers
Grenadier Squad
Grenadier Squad
Grenadier Squad
Infanterie Officer Quarters
Grenadier Squad
Construct Panzergrenadier Kompanie
Selects Smoke Bombing Run
Selects Mechanized Assault Group
Mechanized Assault Group
Panzergrenadier Squad
Selects 2.5-tonne Cargo Truck
Mechanized Assault Group
Mechanized Assault Group
Pioneer Squad
Pak 40 Anti-tank Gun Team
Mechanized Assault Group
Selects Blitzkrieg
Pak 40 Anti-tank Gun Team
Selects Tiger Heavy Tank
Tiger Heavy Tank
Grenadier Squad
Grenadier Squad
TLA-Wesker
Miško
JI
CPU - Very Easy
Barbarossa
dbswo0927
0
0
Comments
sign in to comment!
No comments posted yet!